 Dungeon Crawl Stone Soup version 0.28.0-43-g3370ac3207 (webtiles) character file.

Game seed: 18292385680082811379

1303 User the Slasher (level 8, 0/69 HPs)
             Began as a Ghoul Fighter on Mar 24, 2022.
             Was an Initiate of Makhleb.
             Slain by a hornet (13 damage)
             ... on level 7 of the Dungeon.
             The game lasted 00:14:48 (5545 turns).

User the Slasher (Ghoul Fighter)                    Turns: 5545, Time: 00:14:48

Health: 0/69       AC: 12    Str: 22    XL:     8   Next: 57%
Magic:  7/7        EV: 10    Int:  3    God:    Makhleb [......]
Gold:   239        SH:  9    Dex:  8    Spells: 7/7 levels left

rFire   . . .      SeeInvis .   a - +0 long sword
rCold   + . .      Faith    .   c - +0 buckler
rNeg    + + +      Spirit   .   t - +0 plate armour
rPois   ∞          Reflect  +   (no helmet)
rElec   .          Harm     .   (no cloak)
rCorr   .          Rampage  .   (no gloves)
Will    .....                   (no boots)
Stlth   ..........              i - amulet of reflection
HPRegen 0.00/turn               n - +4 ring of evasion
MPRegen 0.10/turn               (no ring)

@: inhibited regen
A: claws 1, cold resistance 1, negative energy resistance 3, inhibited
regeneration, torment resistance 2
a: Renounce Religion


You were on level 7 of the Dungeon.
You worshipped Makhleb.
Makhleb was noncommittal.
You visited 2 branches of the dungeon, and saw 8 of its levels.

You collected 239 gold pieces.

Inventory:

Hand Weapons
 a - a +0 long sword (weapon)
Missiles
 g - 121 stones (quivered)
 h - 19 poisoned darts
Armour
 c - a +0 buckler (worn)
 t - a +0 plate armour (worn)
Jewellery
 i - an amulet of reflection (around neck)
 n - a +4 ring of evasion (left claw)
Wands
 s - a wand of flame (23)
Scrolls
 f - 3 scrolls of teleportation {unknown}
 k - a scroll of identify
 l - 3 scrolls of noise {unknown}
 o - a scroll of immolation {unknown}
 q - 2 scrolls of fog {unknown}
 r - a scroll of fear {unknown}
Potions
 b - a potion of brilliance
 d - a potion of might
 e - 5 potions of degeneration
 j - a potion of lignification
 m - a potion of curing
 p - a potion of attraction
 u - a potion of invisibility {unknown}
 v - a potion of flight {unknown}


   Skills:
 * Level 5.5 Fighting
 * Level 6.6 Long Blades
 + Level 1.3 Throwing
 * Level 4.7 Armour
 + Level 0.4 Dodging
 + Level 4.0 Shields
 * Level 1.2 Invocations


You had 7 spell levels left.
You didn't know any spells.
Your spell library contained the following spells:

 Spells                   Type           Power      Damage    Failure   Level
 Corpse Rot               Necr/Air       0%         N/A       100%        2
 Poisonous Vapours        Pois/Air       0%         N/A       100%        2


Dungeon Overview and Level Annotations

Branches:
Dungeon (7/15)             Temple (1/1) D:6

Altars:
Ashenzari
Cheibriados
Dithmenos
Elyvilon
Gozag
Hepliaklqana
Kikubaaqudgha
Makhleb
Nemelex Xobeh
Qazlal
Sif Muna
Trog
Uskayaw
Vehumet
Wu Jian
Xom
Yredelemnul
Zin
The Shining One


Innate Abilities, Weirdness & Mutations

You thrive by killing the living.
You are immune to poison.
You have sharp fingernails.
Your flesh is cold resistant. (rC+)
You are immune to negative energy. (rN+++)
You do not regenerate when monsters are visible.
You are immune to unholy pain and torment.


Message History

l - 3 scrolls labelled AZESMO DUPRU (gained 1)
A hornet comes into view.
The hornet buzzes angrily.
The hornet moves out of view.
You miss the hornet. The hornet closely misses you.
You miss the hornet. You block the hornet's attack. x2
You hit the hornet but do no damage. You block the hornet's attack.
The hornet barely misses you.
You barely miss the hornet. The hornet stings you.
The hornet stings you but does no damage.
You barely miss the hornet. The hornet stings you.
You hit the hornet.
The hornet is lightly wounded.
You block the hornet's attack. x2
You barely miss the hornet.
The hornet is lightly wounded.
The hornet stings you! You block the hornet's attack.
You miss the hornet.
The hornet is lightly wounded.
You block the hornet's attack.
You slash the hornet!
The hornet is moderately wounded.
The hornet stings you! You block the hornet's attack.
You hit the hornet.
The hornet is heavily wounded.
The hornet stings you but does no damage.
The hornet stings you.
You barely miss the hornet.
The hornet is heavily wounded.
The hornet stings you!
You hit the hornet.
The hornet is heavily wounded.
The hornet stings you.
* * * LOW HITPOINT WARNING * * *
The hornet stings you.
* * * LOW HITPOINT WARNING * * *
You barely miss the hornet.
The hornet is heavily wounded.
The hornet stings you!
You die...

######## ####
.......###########...###
........................
................@#
.......#########y..#
.......# ....# .......#
.....# .......# ......#
.......# #####..#
.......# #.# .####### ..
.#


You could see a hornet.

Vanquished Creatures
  An ice beast (D:5)
  2 ogres (D:6)
  A centaur (D:6)
  A phantom (D:5)
  3 scorpions
  4 wights (D:6)
  A howler monkey (D:5)
  A hound (D:6)
  A jelly (D:5)
  A gnoll shaman (D:5)
  An orc priest (D:6)
  A bullfrog skeleton (D:6)
  A centaur skeleton (D:4)
  4 iguanas
  A hound skeleton (D:4)
  7 gnolls
  6 adders
  A white imp (D:5)
  An ufetubus (D:6)
  2 adder skeletons (D:4)
  3 worms
  3 dart slugs
  4 orcs (D:6)
  5 ball pythons
  8 bats
  An endoplasm (D:1)
  3 giant cockroaches
  6 goblins
  7 hobgoblins
  5 quokkas
  3 frilled lizards (D:2)
  3 kobolds
  5 rats
97 creatures vanquished.

Notes
Turn   | Place    | Note
-------+----------+-------------------------------------------
     0 | D:1      | User the Ghoul Fighter began the quest for the Orb.
     0 | D:1      | Reached XP level 1. HP: 19/19 MP: 0/0
   246 | D:1      | Reached XP level 2. HP: 26/26 MP: 1/1
   574 | D:1      | Found a faded altar of an unknown god.
   593 | D:1      | Reached skill level 2 in Long Blades
   893 | D:2      | Reached XP level 3. HP: 31/31 MP: 2/2
   915 | D:2      | Reached XP level 4. HP: 6/40 MP: 3/3
  1440 | D:2      | Reached skill level 3 in Long Blades
  1822 | D:3      | Reached XP level 5. HP: 46/46 MP: 4/4
  2663 | D:4      | Reached XP level 6. HP: 48/52 MP: 5/5
  2797 | D:4      | Reached skill level 4 in Long Blades
  3031 | D:5      | Entered Level 5 of the Dungeon
  3131 | D:5      | Reached XP level 7. HP: 60/60 MP: 6/6
  3345 | D:5      | Reached skill level 5 in Long Blades
  3857 | D:5      | Reached skill level 5 in Fighting
  4028 | D:6      | Reached skill level 1 in Throwing
  4193 | D:6      | Reached XP level 8. HP: 62/68 MP: 7/7
  4220 | D:6      | Found a staircase to the Ecumenical Temple.
  4272 | D:6      | Reached skill level 6 in Long Blades
  4284 | Temple   | Entered the Ecumenical Temple
  4478 | Temple   | Became a worshipper of Makhleb the Destroyer
  4634 | D:6      | Reached skill level 1 in Invocations
  5531 | D:7      | Noticed a hornet
  5545 | D:7      | Slain by a hornet

Illustrated notes

Levels and vault maps discovered:
D:1:      wander_arrival_peaceful_grave, layout_basic,
          shapermc_ecumenical_altar_venn
D:2:      minmay_spotlight, layout_basic
D:3:      layout_rooms
D:4:      layout_cave_pools, kennysheep_donut, roderic_nine_men_s_morris
D:5:      layout_loops_ring
D:6:      layout_loops_ring, minmay_temple_entry_large_hall
D:7:      layout_basic
Temple:   mainiacjoe_temple_circle_huts

Skill      XL: |  1  2  3  4  5  6  7  8 |
---------------+-------------------------+-----
Shields        | 3 4 |  4.0
Long Blades    | 2 3 4 5 6 |  6.6
Armour         | 3 4 |  4.7
Fighting       | 4 5 |  5.5
Throwing       | 1 |  1.3
Invocations    | 1 |  1.2
Dodging        | |  0.4

Action                   |  1- 3 |  4- 6 |  7- 9 || total
-------------------------+-------+-------+-------++-------
Melee: Long sword        |    74 |   185 |   160 ||   419
Throw: Stone             |    20 |    55 |    43 ||   118
Evoke: Wand              |       |       |     3 ||     3
  Use: Scroll            |       |       |     5 ||     5
Armor: Scale mail        |    28 |    40 |       ||    68
       Plate armour      |       |    45 |    53 ||    98
Dodge: Dodged            |    27 |    69 |    36 ||   132
Block: Buckler           |    32 |    95 |    68 ||   195
       Reflection        |       |     2 |     5 ||     7
